 Dungeon Crawl Stone Soup version 0.27.1-2-g3b301248ec (webtiles) character file.

Game seed: 1408822378084785776

130 barney the Changer (level 4, -1/35 HPs)
             Began as a Draconian Transmuter on Sept 26, 2021.
             Killed from afar by Blork the orc (5 damage)
             ... with a magic dart
             ... on level 4 of the Dungeon.
             The game lasted 00:07:02 (4125 turns).

barney the Changer (Draconian Transmuter)           Turns: 4125, Time: 00:07:03

Health: -1/35      AC:  2    Str: 13    XL:     4   Next: 90%
Magic:  7/7        EV: 19    Int: 14    God:
Gold:   118        SH:  0    Dex: 16    Spells: 1/7 levels left

rFire    . . .     SeeInvis .     - Unarmed
rCold    . . .     Faith    .   (shield currently unavailable)
rNeg     . . .     Spirit   .   (armour unavailable)
rPois    x         Reflect  .   (helmet currently unavailable)
rElec    .         Harm     .   (cloak currently unavailable)
rCorr    .         Rampage  .   (gloves currently unavailable)
Will     .....                  (boots currently unavailable)
Stlth    +.........             m - amulet of magic regeneration
HPRegen  0.11/turn              (no ring)
MPRegen  0.35/turn              (no ring)

@: spider-form (expiring), weak-willed, hasted, very quick
A: venomous fangs, AC +5, tiny, unfitting armour, (cold-blooded)
a: End Transformation


You were on level 4 of the Dungeon.
You were a venomous arachnid creature.
You visited 1 branch of the dungeon, and saw 4 of its levels.

You collected 118 gold pieces.

Inventory:

Hand Weapons
 a - a +1 flail of holy wrath (melded)
Jewellery
 m - an amulet of magic regeneration (around neck)
Scrolls
 c - 3 scrolls of identify
 k - a scroll of immolation {unknown}
 l - a scroll of teleportation {unknown}


   Skills:
 - Level 1.1 Fighting
 - Level 1.7 Dodging
 - Level 3.0 Unarmed Combat
 - Level 2.0 Spellcasting
 + Level 5.2 Transmutations


You had one spell level left.
You knew the following spells:

 Your Spells              Type           Power      Damage    Failure   Level
a - Beastly Appendage     Tmut           30%        N/A       10%         1
b - Spider Form           Tmut/Pois      4%         N/A       45%         3
c - Wereblood             Tmut           15%        N/A       13%         2

Your spell library contained the following spells:

 Spells                   Type           Power      Damage    Failure   Level
 Shock                    Conj/Air       4%         1d3       45%         1
 Swiftness                Air            1%         N/A       77%         3
 Ice Form                 Ice/Tmut       8%         N/A       82%         4
 Airstrike                Air            0%         N/A       98%         4


Dungeon Overview and Level Annotations

Branches:
Dungeon (4/15)
 Temple: D:4-7

Altars:
Qazlal
Sif Muna

Shops:
D:1 *****

Annotations:
D:3 Grinder
D:4 Blork the orc


Innate Abilities, Weirdness & Mutations

You are a venomous arachnid creature.
You have poisonous fangs.
You are tiny and dextrous.
Your spellcasting is less reliable in this form.
Your armour is entirely melded.
You are incapable of wielding weapons or throwing items.
((Your plain brown scales are hard. (AC +5)))
You cannot fit into any form of body armour.
((You are cold-blooded and may be slowed by cold attacks.))


Message History

Blork the orc hits you with a +0 mace.
Unknown command.
You barely miss Blork the orc. The ball python misses you.
The ball python constricts you.
Unknown command.
You hit the ball python.
The ball python is moderately wounded.
Blork the orc casts a spell.
Blork the orc seems to speed up.
The ball python misses you. The ball python constricts you.
Unknown command.
You barely miss the ball python.
The ball python is moderately wounded.
Blork the orc looks encouraged for a moment.
Unknown command.
You escape the ball python's grasp.
Blork the orc casts a spell at you. The puff of flame hits you!
Your transformation is almost over.
You see here a giant cockroach corpse.
You barely miss the ball python.
The ball python is moderately wounded.
The ball python closely misses you. The ball python misses you.
You hit the ball python.
You kill the ball python!
You hit Blork the orc.
Blork the orc looks even sicker.
Blork the orc is moderately wounded.
Blork the orc hits you with a +0 mace!
You aren't carrying any potions.
You see here a giant cockroach corpse.
Blork the orc casts a spell at you. The puff of flame hits you!
* * * LOW HITPOINT WARNING * * *
Unknown command.
You aren't carrying any potions.
As you read the scroll labelled WEPPAA EGYWK, it crumbles to dust.
Magic quickly surges around you.
It was a scroll of vulnerability.
Blork the orc casts a spell at you. The magic dart hits you.
You die...

########$###.# .........#.#.#
...........#.#######
....................
...(.......#.######
.........o.#.# ...........#o#
...........#.#
...........#s#######
.........#'#.......#
#######.........##.#
#.........##.# #.........##.#
#.........##.# #.........##.#
#)........##.#
###########.........##.#########


You could see Blork the orc (fast, very poisoned, weak-willed).

Vanquished Creatures
  Jessica (D:3)
  4 adders
  A dart slug (D:1)
  8 orcs
  5 ball pythons
  6 bats
  An endoplasm (D:3)
  4 giant cockroaches
  7 goblins
  6 hobgoblins
  3 quokkas
  3 frilled lizards
  6 kobolds
  2 rats (D:2)
57 creatures vanquished.

Notes
Turn   | Place    | Note
-------+----------+-------------------------------------------
     0 | D:1      | barney the Draconian Transmuter began the quest for the
                  | Orb.
     0 | D:1      | Reached XP level 1. HP: 16/16 MP: 3/3
    42 | D:1      | Found Neics's General Store.
   253 | D:1      | Found Foonygeck's Assorted Antiques.
   389 | D:1      | Reached XP level 2. HP: 18/23 MP: 5/5
   461 | D:1      | Found Usosiemuz's General Store.
   536 | D:1      | Found Wemom's Assorted Antiques.
   555 | D:1      | Reached skill level 3 in Transmutations
   702 | D:1      | Found Houl's General Store.
  1521 | D:2      | Found a faded altar of an unknown god.
  1568 | D:2      | Reached XP level 3. HP: 28/28 MP: 6/6
  1968 | D:2      | Reached skill level 4 in Transmutations
  1977 | D:2      | Learned a level 3 spell: Spider Form
  2456 | D:3      | Found a shimmering blue altar of Sif Muna.
  2484 | D:3      | Reached XP level 4. HP: 13/35 MP: 7/7
  3104 | D:3      | Found a stormy altar of Qazlal.
  3121 | D:3      | Noticed Jessica
  3123 | D:3      | Noticed Grinder
  3143 | D:3      | Killed Jessica
  3144 | D:3      | Reached skill level 5 in Transmutations
  3150 | D:3      | Paralysed by Grinder for 2 turns
  4028 | D:4      | Learned a level 2 spell: Wereblood
  4099 | D:4      | Noticed Blork the orc
  4125 | D:4      | Killed from afar by Blork the orc

Illustrated notes

Levels and vault maps discovered:
D:1:      dpeg_arrival_another_circle, layout_rooms, serial_shops,
          nicolae_shop_crystal, shop, shop, shop_fountains, shop,
          chequers_big_river
D:2:      layout_loops_ring, dilly_ecumenical_altar_fadedgnrine,
          minmay_randomly_rotated_circles
D:3:      layout_rooms, mainiacjoe_overflow_catch_the_wave,
          nrook_mini_backslash, uniq_grinder, uniq_jessica
D:4:      layout_basic, uniq_natasha, uniq_blork_the_orc

Skill      XL: |  1  2  3  4 |
---------------+-------------+-----
Transmutations | 3 4 5 |  5.2
Fighting       | |  1.1
Dodging        | |  1.7
Unarmed Combat | |  3.0
Spellcasting   | |  2.0

Action                   |  1- 3 |  4- 6 || total
-------------------------+-------+-------++-------
Melee: Short sword       |   167 |    40 ||   207
       Unarmed           |    14 |    18 ||    32
       Tailslap          |    10 |     2 ||    12
       Kick              |     9 |       ||     9
       Headbutt          |     5 |       ||     5
       Punch             |     2 |       ||     2
       Flail             |       |     5 ||     5
 Cast: Beastly Appendage |    14 |       ||    14
       Spider Form       |     1 |     2 ||     3
  Use: Potion            |     5 |     3 ||     8
       Scroll            |       |     4 ||     4
 Stab: Sleeping          |     1 |       ||     1
Armor: Skin              |    75 |    17 ||    92
Dodge: Dodged            |   155 |    52 ||   207
